 Dungeon Crawl Stone Soup version 0.22-a0-458-gb446440 (webtiles) character file.

86 4thArraOfDagon the Chopper (level 4, 1/41 HPs)
             Began as a Hill Orc Fighter on June 8, 2018.
             Quit the game on level 3 of the Dungeon.
             The game lasted 00:02:54 (560 turns).

4thArraOfDagon the Chopper (Hill Orc Fighter)        Turns: 560, Time: 00:02:55

Health: 1/41       AC: 13    Str: 18    XL:     4   Next: 49%
Magic:  4/4        EV:  7    Int:  9    God:
Gold:   76         SH:  0    Dex: 13    Spells: 3/3 levels left

rFire    . . .     SeeInvis .   a - +0 war axe
rCold    . . .     Gourm    .   (no shield)
rNeg     . . .     Faith    .   c - +3 chain mail
rPois    .         Spirit   .   (no helmet)
rElec    .         Reflect  .   (no cloak)
rCorr    .         Harm     .   h - +0 pair of gloves {Dex+3}
MR       .....                  (no boots)
Stlth    ..........             (no amulet)
HPRegen  0.13/turn              (no ring)
MPRegen  0.09/turn              (no ring)

@: lethally poisoned (1 -> -1)
A: no striking features
a: no special abilities


You were on level 3 of the Dungeon.
You were not hungry.

You visited 1 branch of the dungeon, and saw 3 of its levels.

You collected 76 gold pieces.

Inventory:

Hand Weapons
 a - a +0 war axe (weapon)
Armour
 c - a +3 chain mail (worn)
 h - a +0 pair of gloves of dexterity (worn)
Scrolls
 b - a scroll of identify {unknown}
 e - 3 scrolls of remove curse {unknown}
 i - a scroll of enchant armour {unknown}
Potions
 d - a potion of might
Comestibles
 f - 2 rations


   Skills:
 + Level 4.3 Fighting
 * Level 4.7 Axes
 + Level 4.0 Armour
   Level 3.2 Shields


You had 3 spell levels left.
You didn't know any spells.
Your spell library was empty.

Dungeon Overview and Level Annotations

Branches:
Dungeon (3/15)

Altars:
Hepliaklqana
Nemelex Xobeh
Xom


Message History

You closely miss the adder.
The adder is almost dead.
The adder bites you.
* * * LOW HITPOINT WARNING * * *
The adder bites you but does no damage.
You hit the adder but do no damage.
The adder is almost dead.
* * * LOW HITPOINT WARNING * * *
You feel sick. The adder barely misses you.
The adder bites you but does no damage.
Unknown command.
You barely miss the adder.
The adder is almost dead.
You closely miss the hobgoblin.
The hobgoblin hits you but does no damage.
The adder bites you.
* * * LOW HITPOINT WARNING * * *
The hobgoblin barely misses you.
Unknown command.
Are you sure you want to abandon this character and quit the game? (Confirm with "yes".)

### ..# .. #.# #.##.#
#########.##.#
####............)
#.######....# ###.##.#
#.....S..#..# #.##.#
#######@.#..#######.#.#.
#g............†###
.......#..#######...#
###.####.........#⌠.⌠#
#.. ##.#######.._.. ..(
...# #⌠.⌠. ..## ##..#
##.#. #. #.## #.# #. .#


You could see an adder and a hobgoblin.

Vanquished Creatures
  An orc wizard (D:3)
  An adder (D:3)
  An ooze (D:3)
  2 dart slugs
  2 leopard geckos
  3 orcs (D:3)
  5 bats
  3 giant cockroaches
  A goblin (D:1)
  4 hobgoblins
  4 jackals (D:1)
  A quokka (D:2)
  A frilled lizard (D:1)
  4 kobolds
  A rat (D:2)
34 creatures vanquished.

Notes
Turn   | Place    | Note
-------+----------+-------------------------------------------
     0 | D:1      | 4thArraOfDagon the Hill Orc Fighter began the quest for the Orb.
     0 | D:1      | Reached XP level 1. HP: 19/19 MP: 1/1
    71 | D:1      | Reached XP level 2. HP: 27/27 MP: 2/2
   101 | D:1      | is it that run?
   250 | D:2      | Reached XP level 3. HP: 33/33 MP: 3/3
   346 | D:3      | Found a shimmering altar of Xom.
   347 | D:3      | Found a hazy altar of Hepliaklqana.
   348 | D:3      | Noticed a spectral ugly thing
   492 | D:3      | Reached XP level 4. HP: 7/41 MP: 4/4
   526 | D:3      | Found a sparkling altar of Nemelex Xobeh.
   557 | D:3      | HP: 2/41 [adder (4)]
   560 | D:3      | Quit the game

Vault maps used:
D:1:      eino_arrival_druids_welcome, hangedman_decor_lopped
D:2:      uniq_robin, uniq_jessica
D:3:      regret_index_temple_of_mockery, nemelex_xobeh_ov_fountains_minmay,
          overflow_temple_1_default, mrwooster_statue_mirror,
          grunt_ministairs_1, st_stairs_3, minmay_cut_off

Skill      XL: |  1  2  3  4 |
---------------+-------------+-----
Axes           | 3 4 |  4.7
Fighting       | 4 |  4.3
Armour         | 4 |  4.0
Shields        | |  3.2

Action                   |  1- 3 |  4- 6 || total
-------------------------+-------+-------++-------
Melee: War axe           |   121 |    22 ||   143
  Use: Potion            |     1 |       ||     1
Armor: Chain mail        |   118 |    19 ||   137
       Scale mail        |     2 |       ||     2
Dodge: Dodged            |    80 |    14 ||    94

Table legend:
 A = Spawn XP
 B = Non-spawn XP
 C = Spawn XP percentage of total XP
 D = Spawn monster count
 E = Non-spawn monster count
 F = Spawn count percentage of total count
 G = Total turns spent on level
                    A         B        C        D         E        F      G
               +---------+---------+-------+---------+---------+-------+---------
         Total |       0 |     123 |   0.0 |       0 |      34 |   0.0 |   560
               +---------+---------+-------+---------+---------+-------+---------
           D:1 |       0 |      26 |   0.0 |       0 |      14 |   0.0 |   197
           D:2 |       0 |      14 |   0.0 |       0 |       8 |   0.0 |    82
           D:3 |       0 |      83 |   0.0 |       0 |      12 |   0.0 |   281
               +---------+---------+-------+---------+---------+-------+---------
